 Dungeon Crawl Stone Soup version 0.28-a0-1447-ga5a8893891 (webtiles) character file.

Game seed: 10331127796035538782

187 Gwenloh the Grave Robber (level 5, -6/42 HPs)
             Began as a Deep Dwarf Necromancer on Jan 10, 2022.
             Mangled by an iguana (13 damage)
             ... on level 4 of the Dungeon.
             The game lasted 00:07:21 (3435 turns).

Gwenloh the Grave Robber (Deep Dwarf Necromancer)   Turns: 3435, Time: 00:07:22

Health: -6/42      AC:  2    Str: 12    XL:     5   Next: 39%
Magic:  0/9        EV: 12    Int: 17    God:
Gold:   82         SH:  0    Dex: 13    Spells: 1/9 levels left

rFire   . . .      SeeInvis .   m - +0 dagger
rCold   . . .      Faith    .   (no shield)
rNeg    . . .      Spirit   .   a - +0 robe
rPois   .          Reflect  .   (no helmet)
rElec   .          Harm     .   (no cloak)
rCorr   .          Rampage  .   (no gloves)
Will    .....                   (no boots)
Stlth   +++.......              (no amulet)
HPRegen 0.00/turn               (no ring)
MPRegen 0.11/turn               (no ring)

@: no status effects
A: damage resistance, heal wounds, sense surroundings 1, no regeneration
a: Heal Wounds


You were on level 4 of the Dungeon.
You visited 1 branch of the dungeon, and saw 4 of its levels.

You collected 82 gold pieces.

Inventory:

Hand Weapons
 m - a +0 dagger (weapon)
Missiles
 c - 57 stones
 d - 4 javelins
Armour
 a - a +0 robe (worn)
 j - an orb of guile
Scrolls
 b - a scroll of enchant armour {unknown}
 e - a scroll of magic mapping {unknown}
 g - 3 scrolls of identify {unknown}
 h - a scroll of enchant weapon {unknown}
 l - a scroll of blinking {unknown}
Potions
 f - a potion of lignification {unknown}
 i - a potion of heal wounds {unknown}
 k - 2 potions of magic {unknown}
 n - a potion of mutation {unknown}


   Skills:
 - Level 2.1 Dodging
 + Level 4.1 Stealth
 + Level 2.8 Spellcasting
 * Level 6.1 Necromancy


You had one spell level left.
You knew the following spells:

 Your Spells              Type           Power      Damage    Failure   Level
a - Pain                  Necr           92%        1d8       1%          1
b - Vampiric Draining     Necr           23%        2d7       4%          3
c - Animate Dead          Necr           11%        N/A       14%         4

Your spell library contained the following spells:

 Spells                   Type           Power      Damage    Failure   Level
 Animate Skeleton         Necr           46%        N/A       1%          1
 Agony                    Necr           23%        N/A       38%         5


Dungeon Overview and Level Annotations

Branches:
Dungeon (4/15)
 Temple: D:4-7

Altars:

Shops:
D:2 (


Innate Abilities, Weirdness & Mutations

You are resistant to damage.
You can heal yourself by infusing magical energy.
You passively map a small area around you.
You do not regenerate.


Message History

Press: ? - help, Shift-Dir - straight line, f - iguana
Aim: an iguana You draw life force from the iguana.
You feel life coursing into your body. The iguana bites you!
Casting: Vampiric Draining (dangerous; 4% risk of failure)
Confirm with . or Enter, or press ? or * to list all spells.
Aiming: Vampiric Draining (dangerous; 4% risk of failure)
Press: ? - help, Shift-Dir - straight line, f/p - iguana
Aim: an iguana (moderately wounded)
You draw life force from the iguana.
You feel life coursing into your body. The iguana bites you!
Casting: Vampiric Draining (dangerous; 4% risk of failure)
Confirm with . or Enter, or press ? or * to list all spells.
Aiming: Vampiric Draining (dangerous; 4% risk of failure)
Press: ? - help, Shift-Dir - straight line, f/p - iguana
Aim: an iguana (heavily wounded)
You draw life force from the iguana.
You feel life coursing into your body. The iguana barely misses you.
Casting: Vampiric Draining (dangerous; 4% risk of failure)
Confirm with . or Enter, or press ? or * to list all spells.
You don't have enough magic to cast this spell.
You don't have enough magic to cast this spell.
You hit the iguana but do no damage.
The iguana is almost dead.
The iguana bites you.
You hit the iguana but do no damage.
The iguana is almost dead.
The iguana bites you.
Casting: Vampiric Draining (dangerous; 4% risk of failure)
Confirm with . or Enter, or press ? or * to list all spells.
You don't have enough magic to cast this spell.
You don't have enough magic to cast this spell.
You hit the iguana.
The iguana is almost dead.
The iguana bites you!
* * * LOW HITPOINT WARNING * * *
You completely miss the iguana.
The iguana is almost dead.
The iguana bites you!
You die...

, *
...#...#......#
,
........$.....#
** #... #)# * ,
,* , ....####.#
, , .........##
* , ,
..........#
..........# ,
..........# * *
, * .$.....@..#
, .#....l...# ,
, ...(..[....#
, .#.......#.#
#.......#.# * ,
, ,#.......#.#
* #..........
#..?..... ,


You could see an iguana.

Vanquished Creatures
  A bullfrog (D:4)
  7 adders
  2 dart slugs
  5 ball pythons
  9 endoplasms
  A giant cockroach (D:1)
  3 goblins
  4 hobgoblins
  3 jackals (D:1)
  A quokka (D:3)
  7 bats
  3 frilled lizards
  5 kobolds
  4 rats
55 creatures vanquished.

Notes
Turn   | Place    | Note
-------+----------+-------------------------------------------
     0 | D:1      | Gwenloh the Deep Dwarf Necromancer began the quest for the
                  | Orb.
     0 | D:1      | Reached XP level 1. HP: 15/15 MP: 3/3
   391 | D:1      | Reached XP level 2. HP: 22/22 MP: 1/4
   907 | D:1      | Reached skill level 5 in Necromancy
   968 | D:1      | Reached XP level 3. HP: 25/28 MP: 2/6
   972 | D:1      | Learned a level 3 spell: Vampiric Draining
  1627 | D:2      | Found Bitset's Weapon Emporium.
  2344 | D:3      | Reached XP level 4. HP: 35/36 MP: 1/7
  2904 | D:3      | Found a faded altar of an unknown god.
  3229 | D:4      | Learned a level 4 spell: Animate Dead
  3298 | D:4      | Noticed a bullfrog
  3321 | D:4      | Killed a bullfrog
  3322 | D:4      | Reached skill level 6 in Necromancy
  3322 | D:4      | Reached XP level 5. HP: 33/42 MP: 0/9
  3435 | D:4      | Mangled by an iguana

Illustrated notes

Levels and vault maps discovered:
D:1:      dpeg_arrival_snail, layout_basic, minmay_pentomino_z4
D:2:      layout_basic, serial_shops, shop, hangedman_decor_points
D:3:      layout_basic, dreamdust_ecumenical_altar_angels_and_demons
D:4:      layout_rooms, minmay_bisected

Skill      XL: |  1  2  3  4 |
---------------+-------------+-----
Spellcasting   | 2 |  2.8
Stealth        | 3 4 |  4.1
Necromancy     | 5 6 |  6.1
Dodging        | |  2.1

Action                   |  1- 3 |  4- 6 || total
-------------------------+-------+-------++-------
Melee: Unarmed           |    15 |     2 ||    17
       Dagger            |       |     4 ||     4
 Cast: Pain              |    64 |    29 ||    93
       Vampiric Draining |     3 |    11 ||    14
Armor: Robe              |     1 |     2 ||     3
Dodge: Dodged            |    16 |    11 ||    27

Table legend: (Time is in decaauts)
 A = Elapsed time spent in this place.
 B = Non-inter-level travel time spent in this place.
 C = Inter-level travel time spent in this place.
 D = Time resting spent in this place.
 E = Time spent auto-exploring this place.
 F = Levels seen in this place.
 G = Mean time per level.
                   A        B        C        D        E       F      G
               +--------+--------+--------+--------+--------+-----+--------+
         Total |   3437 |   3256 |    181 |    157 |   2687 |   4 |  859.2 |
       Dungeon |   3437 |   3256 |    181 |    157 |   2687 |   4 |  859.2 |
               +--------+--------+--------+--------+--------+-----+--------+

Top non-repeatable levels by time:
     D:1: 1410 daAuts
     D:3: 1109 daAuts
     D:2: 767 daAuts
     D:4: 150 daAuts
